 Dungeon Crawl Stone Soup version 0.26-b1-32-g5d43845318 (webtiles) character file.

Game seed: 6131143899050138342

5459 Arthanis the Arsonist (level 10, -10/53 HPs)
             Began as a Deep Elf Fire Elementalist on Jan 10, 2021.
             Was an Initiate of Vehumet.
             Shot with an arrow by a centaur warrior (23 damage)
             ... on level 9 of the Dungeon.
             The game lasted 00:18:27 (11479 turns).

Arthanis the Arsonist (Deep Elf Fire Elementalist) Turns: 11479, Time: 00:18:28

Health: -10/53     AC:  4    Str:  5    XL:     10   Next: 41%
Magic:  13/26      EV: 18    Int: 24    God:    Vehumet [......]
Gold:   517        SH:  0    Dex: 15    Spells: 15/29 levels left

rFire    . . .     SeeInvis +   h - +3 short sword
rCold    . . .     Faith    .   (no shield)
rNeg     . . .     Spirit   .   q - +0 robe {Archmagi}
rPois    .         Reflect  .   (no helmet)
rElec    .         Harm     .   (no cloak)
rCorr    .         Rampage  .   m - +0 pair of gloves
Will     +....                  g - +0 pair of boots
Stlth    ++........             (no amulet)
HPRegen  0.17/turn              l - +4 ring of evasion
MPRegen  0.20/turn              v - ring of see invisible

@: no status effects
A: no striking features
a: Renounce Religion


You were on level 9 of the Dungeon.
You worshipped Vehumet.
Vehumet was noncommittal.
You visited 2 branches of the dungeon, and saw 10 of its levels.
You also visited: Sewer and Ossuary.

You collected 517 gold pieces.

Inventory:

Hand Weapons
 f - a +0 spear
 h - a +3 short sword (weapon)
 p - a +0 scythe
 z - a +0 trident
Armour
 g - a +0 pair of boots (worn)
 m - a +0 pair of gloves (worn)
 q - a +0 robe of the Archmagi (worn)
 y - a +0 buckler
Jewellery
 l - a +4 ring of evasion (left hand)
 n - an uncursed ring of resist corrosion
 v - a ring of see invisible (right hand)
 N - an uncursed ring of stealth
 P - an uncursed amulet of regeneration {unknown}
Wands
 c - a wand of acid (4)
 j - a wand of iceblast (18)
 u - a wand of enslavement (7)
 E - a wand of flame (19)
Scrolls
 b - 5 scrolls of remove curse
 d - 3 scrolls of enchant armour
 r - 3 scrolls of amnesia
 s - 6 scrolls of teleportation
 t - 4 scrolls of magic mapping
 w - 2 scrolls of random uselessness {unknown}
 x - 2 scrolls of immolation
 D - 2 scrolls of fear
 F - a scroll of enchant weapon {unknown}
 I - a scroll of blinking {unknown}
 O - a scroll of fog {unknown}
 Q - a scroll of identify
Potions
 a - 2 potions of invisibility {unknown}
 e - 3 potions of curing
 i - 2 potions of degeneration {unknown}
 k - 3 potions of might {unknown}
 o - 2 potions of lignification {unknown}
 A - a potion of haste {unknown}
 B - 2 potions of magic
 C - a potion of heal wounds {unknown}
 G - 2 potions of ambrosia {unknown}
 H - 2 potions of resistance {unknown}
 J - 3 potions of brilliance {unknown}
 K - a potion of cancellation {unknown}
 L - a potion of attraction {unknown}
 M - 3 potions of flight {unknown}


   Skills:
 - Level 2.0 Fighting
 - Level 4.0 Dodging
 - Level 3.0 Stealth
 + Level 10.0 Spellcasting
 + Level 8.3 Conjurations
 * Level 11.7 Fire Magic
 - Level 2.1 Evocations


You had 15 spell levels left.
You knew the following spells:

 Your Spells              Type           Power        Failure   Level
a - Foxfire               Conj/Fire      100%         1%          1
b - Conjure Flame         Conj/Fire      74%          1%          3
c - Sticky Flame          Conj/Fire      74%          1%          4
d - Fireball              Conj/Fire      37%          2%          5
e - Magic Dart            Conj           100%         1%          1

Your spell library contained the following spells:

 Spells                   Type           Power        Failure   Level
 Searing Ray              Conj           100%         1%          2
 Inner Flame              Hex/Fire       57%          1%          3
 Dazzling Flash           Conj/Hex       96%          2%          3
 Fulminant Prism          Conj/Hex       24%          10%         4
 Iskenderun's Mystic Bla  Conj/Tloc      48%          10%         4


Dungeon Overview and Level Annotations

Branches:
Dungeon (9/15)             Temple (1/1) D:7            Lair (0/6) D:8
  Sewer (visited)         Ossuary (visited)
    Orc: D:9-12

Altars:
Ashenzari
Cheibriados
Dithmenos
Fedhas
Gozag
Hepliaklqana
Kikubaaqudgha
Makhleb
Okawaru
Qazlal
Sif Muna
Trog
Uskayaw
Vehumet
Wu Jian
Yredelemnul
Zin
The Shining One

Shops:
D:5 (

Annotations:
D:5 1 runed translucent door, emiel's ghost, weakling TrDe
D:8 5 runed translucent doors


Message History

The foxfire hits the hound!
You kill the hound!
Vehumet accepts your kill.
Your foxfire dissipates! x2
Your foxfire dissipates!
A centaur warrior comes into view.
It is wielding the +5 rapier of Division {freeze, rN+ Int+3 Dex-3}.
You see here a cursed -3 giant club.
Things that are here:
a +0 giant spiked club; an ogre skeleton The centaur warrior shouts!
The centaur warrior unwields the +5 rapier of Division {freeze, rN+ Int+3 Dex-3}.
The centaur warrior wields a +0 shortbow.
The centaur warrior shoots an arrow.
The arrow hits you!!
The centaur warrior shoots an arrow.
The arrow hits you!
* * * LOW HITPOINT WARNING * * *
There is a stone staircase leading up, spattered with blood here.
You see here 2 arrows.
A centaur warrior is nearby!
The centaur warrior shoots an arrow.
The arrow hits you!!
You die...

#### # ###..## ###### #
##...≈.# #≈≈≈≈# # #......#
#≈≈≈≈##### #...≈≈.#
##.+≈≈≈≈'....
#..≈≈..########...#≈≈≈≈#.###
#...............###≈≈≈≈#.#
#≈..)...#.......######.#
#......##....@)............#
...###..##.≈.≈###.#####.##.##
# #.>##.≈.≈# # # ##.#...###
#..##.≈.≈# #.####..#......
#..##)≈≈≈# #.....#<....###
##..##)#..# ####.###.......
#...#.....## ##.#...#####
##..#c......## #....#.##...
#.........#..# #.####.#...#


You could see a centaur warrior.

Vanquished Creatures
  Joseph (D:7)
  Maggie (D:6)
  Prince Ribbit (D:6)
  Sigmund (D:2)
  A wyvern (D:9)
  A vampire mosquito (D:9)
  3 wargs (D:8)
  A water moccasin (D:8)
  Duvessa (D:5)
  2 sky beasts
  2 black bears
  A hornet zombie (D:9)
  An ice beast (D:9)
  7 ogres
  2 centaurs
  4 bullfrogs
  A gnoll sergeant (D:7)
  Dowan (D:5)
  3 scorpions
  4 wights (D:9)
  3 howler monkeys
  4 centaur zombies
  2 jellies
  6 bullfrog skeletons
  3 bullfrog zombies (Ossuary)
  3 orc priests (D:8)
  4 hounds
  3 orc wizards
  Jessica (D:2)
  2 iguanas
  A worker ant (D:8)
  3 killer bee zombies
  A centaur simulacrum (D:9)
  2 hound zombies (Ossuary)
  3 worker ant zombies (Ossuary)
  12 mummies (Ossuary)
  4 gnolls (D:7)
  12 adders
  2 river rats (Sewer)
  A shadow imp (D:6)
  3 white imps
  2 ufetubi
  2 oozes (D:3)
  3 adder zombies
  An adder skeleton (D:8)
  A worm (D:2)
  2 dart slugs
  7 leopard geckos
  24 orcs
  3 giant cockroaches
  5 goblins
  5 hobgoblins
  24 jackals
  5 kobolds
  5 quokkas
  6 ball pythons
  A ball python zombie (Ossuary)
  4 bats
  8 frilled lizards
  A giant cockroach zombie (Ossuary)
  A jackal skeleton (D:8)
  2 jackal zombies (Ossuary)
  A leopard gecko zombie (Ossuary)
  27 rats
254 creatures vanquished.

Vanquished Creatures (collateral kills)
  5 foxfires (Ossuary)
5 creatures vanquished.

Vanquished Creatures (others)
  1038 foxfires
  5 withered plants (Ossuary)
1043 creatures vanquished.

Grand Total: 1302 creatures vanquished

Notes
Turn   | Place    | Note
-------+----------+-------------------------------------------
     0 | D:1      | Arthanis the Deep Elf Fire Elementalist began the quest for
                  | the Orb.
     0 | D:1      | Reached XP level 1. HP: 10/10 MP: 6/6
   552 | D:1      | Reached XP level 2. HP: 15/15 MP: 5/8
  1083 | D:2      | Reached skill level 4 in Fire Magic
  1170 | D:2      | Reached XP level 3. HP: 19/19 MP: 7/10
  1365 | D:2      | Noticed Sigmund
  1686 | D:2      | Found an iron altar of Okawaru.
  1732 | D:2      | Noticed Jessica
  1751 | D:2      | Killed Jessica
  1752 | D:2      | Reached XP level 4. HP: 13/24 MP: 6/12
  1910 | D:2      | Learned a level 3 spell: Conjure Flame
  1915 | D:2      | Learned a level 4 spell: Sticky Flame
  2198 | D:2      | Killed Sigmund
  2199 | D:2      | Reached skill level 5 in Fire Magic
  2199 | D:2      | Reached XP level 5. HP: 28/28 MP: 2/14
  2675 | D:3      | Learned a level 5 spell: Fireball
  2777 | D:3      | Reached XP level 6. HP: 32/32 MP: 8/15
  2991 | D:3      | Reached skill level 5 in Spellcasting
  3499 | D:3      | Reached skill level 6 in Fire Magic
  3671 | D:4      | Noticed a sky beast
  3677 | D:4      | Killed a sky beast
  3894 | D:4      | Reached XP level 7. HP: 36/36 MP: 11/17
  4272 | D:5      | Entered Level 5 of the Dungeon
  4308 | D:5      | Learned a level 1 spell: Magic Dart
  4340 | D:5      | Found a shadowy altar of Dithmenos.
  4346 | D:5      | Found an opulent altar of Gozag.
  4374 | D:5      | Found Semm's Antique Weapon Emporium.
  4398 | D:5      | Noticed Dowan
  4415 | D:5      | Reached skill level 7 in Fire Magic
  4456 | D:5      | Noticed emiel's ghost (weakling TrDe)
  4459 | D:5      | Found a runed translucent door.
  4551 | D:5      | Found a glowing drain.
  4561 | Sewer    | Entered a sewer
  5152 | D:5      | Noticed Duvessa
  5164 | D:5      | Killed Duvessa
  5166 | D:5      | Killed Dowan
  5167 | D:5      | Reached skill level 5 in Conjurations
  5298 | D:5      | Reached skill level 8 in Fire Magic
  5298 | D:5      | Reached XP level 8. HP: 41/41 MP: 10/20
  5450 | D:6      | Found a sand-covered staircase.
  5457 | Ossuary  | Entered an ossuary
  6009 | Ossuary  | Reached skill level 9 in Fire Magic
  6744 | D:6      | Noticed Prince Ribbit
  6755 | D:6      | Killed Prince Ribbit
  6756 | D:6      | Reached XP level 9. HP: 36/45 MP: 8/23
  7315 | D:6      | Noticed Maggie
  7335 | D:6      | Killed Maggie
  7336 | D:6      | Reached skill level 10 in Fire Magic
  7336 | D:6      | Reached skill level 1 in Evocations
  7639 | D:6      | Reached skill level 1 in Fighting
  8156 | D:7      | Noticed Joseph
  8488 | D:7      | Found a staircase to the Ecumenical Temple.
  8525 | Temple   | Entered the Ecumenical Temple
  8611 | Temple   | Became a worshipper of Vehumet
  9156 | D:7      | Killed Joseph
  9591 | D:8      | Found the +9 staff of Olgreb {rPois∞}
  9600 | D:8      | Found a runed translucent gate.
  9600 | D:8      | Found a runed translucent gate.
  9601 | D:8      | Found a runed translucent door.
  9611 | D:8      | Found a runed translucent gate.
  9613 | D:8      | Found a runed translucent door.
  9873 | D:8      | Reached XP level 10. HP: 40/53 MP: 11/25
  9957 | D:8      | Reached skill level 11 in Fire Magic
 10136 | D:8      | Found a staircase to the Lair.
 10445 | D:8      | Found a stormy altar of Qazlal.
 10445 | D:8      | Found an ornate altar of the Wu Jian Council.
 10865 | D:9      | Noticed a two-headed ogre
 10961 | D:9      | Found a shimmering blue altar of Sif Muna.
 11339 | D:9      | Reached skill level 10 in Spellcasting
 11462 | D:9      | Identified the +5 rapier of Division {freeze, rN+ Int+3
                  | Dex-3}
 11462 | D:9      | Noticed a centaur warrior
 11479 | D:9      | Shot with an arrow by a centaur warrior

Illustrated notes

Levels and vault maps discovered:
D:1:      dpeg_arrival_radiant, layout_loops_ring
D:2:      layout_loops_cross, general_overflow_altar,
          hangedman_abyss_or_decor_lesser_grid, minmay_rat_hole, uniq_jessica,
          uniq_sigmund
D:3:      layout_loops_ring
D:4:      layout_gridville
D:5:      layout_cave_pools, minitemple, serial_shops, shop,
          hellmonk_ghost_happy_afterlife, portal_sewer_entry_a,
          serial_bayou_pond_b, uniq_duvessa
D:6:      layout_basic, nicolae_ossuary_entry_ruins, minmay_increasing_density,
          uniq_maggie, uniq_prince_ribbit1
D:7:      layout_basic, minmay_temple_entry_junction, grunt_decor_clamped,
          uniq_joseph
D:8:      layout_basic, gammafunk_temple_overflow_elements,
          erik_lair_orcish_takeover, minmay_guarded_unrand_staff_of_olgreb
D:9:      minmay_the_grid_triangle_9x9_recursive_2
          [minmay_the_grid_triangle_9x9_prize_schism,
          minmay_the_grid_triangle_9x9_swiss_cheese,
          minmay_the_grid_triangle_9x9_intruding_spiral,
          minmay_the_grid_triangle_9x9_dagger], layout_loops_ring,
          lemuel_round_altar, serial_rivers, chequers_serial_rivers_room_b,
          chequers_serial_rivers_micro_d, chequers_serial_rivers_room_b,
          chequers_serial_rivers_micro_c, chequers_serial_rivers_large_b,
          chequers_serial_rivers_small_a, basic_altar, corexii_checkpoint_b,
          minmay_misc_feat_rugged
Temple:   eino_temple_scatter_basement

Skill      XL: |  1  2  3  4  5  6  7  8  9 10 |
---------------+-------------------------------+-----
Fire Magic     | 4 5 6 8 9 10 11 | 11.7
Conjurations   | 2 3 4 5 6 7 8 |  8.3
Spellcasting   | 4 5 6 8 9 10 | 10.0
Dodging        | 4 |  4.0
Stealth        | 3 |  3.0
Evocations     | 2 |  2.1
Fighting       | 2 |  2.0

Action                   |  1- 3 |  4- 6 |  7- 9 | 10-12 || total
-------------------------+-------+-------+-------+-------++-------
Melee: Unarmed           |     1 |       |       |       ||     1
       Spear             |     8 |       |       |       ||     8
       Short sword       |     3 |    12 |     3 |     1 ||    19
 Cast: Foxfire           |    87 |   122 |   401 |    85 ||   695
       Sticky Flame      |       |       |    10 |     5 ||    15
       Fireball          |       |       |     5 |     9 ||    14
Evoke: Wand              |       |       |     2 |       ||     2
  Use: Scroll            |       |     5 |     5 |       ||    10
       Potion            |       |       |     1 |       ||     1
 Stab: Distracted        |       |     1 |       |       ||     1
Armor: Robe              |     9 |     4 |     8 |       ||    21
Dodge: Dodged            |    23 |     9 |    61 |    12 ||   105
